 Dungeon Crawl Stone Soup version 0.30-a0-719-gcc4359ea44 (webtiles) character file.

Game seed: 2694951200099472411

1920 Newt the Poker (level 8, -1/58 (60) HPs)
             Began as a Demonspawn Gladiator on Jan 26, 2023.
             Was a Follower of Kikubaaqudgha.
             Slain by a wight
             ... wielding a +2 war axe
              (8 damage)
             ... on level 7 of the Dungeon.
             The game lasted 00:10:02 (8274 turns).

Newt the Poker (Demonspawn Gladiator)               Turns: 8274, Time: 00:10:03

HP:   -1/58 (60)    AC:  4    Str: 18    XL:     8   Next: 96%
MP:   12/12         EV: 12    Int:  9    God:    Kikubaaqudgha [*.....]
Gold: 304           SH:  0    Dex: 16    Spells: 8/12 levels left

rFire   + . .      SeeInvis .    w - +2 halberd (venom)
rCold   + . .      Faith    .    (shield currently unavailable)
rNeg    . . .      Spirit   .    b - +0 leather armour
rPois   .          Reflect  .    c - +0 helmet
rElec   .          Harm     .    (no cloak)
rCorr   .          Rampage  .    (no gloves)
Will    .....                    (no boots)
Stlth   +++                      (no amulet)
HPRegen 0.29/turn                m - ring of protection from cold
MPRegen 0.13/turn                q - ring of protection from fire

@: lightly drained
A: hooves 2, thin skeletal structure 1, demonic guardian 1
a: Renounce Religion, Unearth Wretches


You were on level 7 of the Dungeon.
You worshipped Kikubaaqudgha.
Kikubaaqudgha was aware of your devotion.
You visited 2 branches of the dungeon, and saw 8 of its levels.
You also visited: Sewer.

You collected 334 gold pieces.
You spent 30 gold pieces at shops.

Inventory:

Hand Weapons
 a - a +0 heavy rapier
 e - a +0 rapier of chaos
 v - a +2 whip of chaos
 w - a +2 halberd of venom (weapon)
Missiles
 i - 6 atropa-tipped darts (quivered)
 p - 8 poisoned darts
 u - a javelin
Armour
 b - a +0 leather armour (worn)
 c - a +0 helmet (worn)
Jewellery
 m - a ring of protection from cold (left hand)
 q - a ring of protection from fire (right hand)
 D - a ring of positive energy
Wands
 y - a wand of polymorph (7)
Scrolls
 j - 2 scrolls of blinking
 l - a scroll of magic mapping
 t - 3 scrolls of fear
 B - a scroll of fog
 F - a scroll of teleportation
 G - a scroll of noise
Potions
 f - 2 potions of degeneration
 g - 2 potions of might
 h - 2 potions of magic
 k - 2 potions of berserk rage
 n - a potion of flight
 o - a potion of mutation
 r - 2 potions of lignification
 x - a potion of resistance
 z - a potion of attraction
 A - a potion of brilliance
Miscellaneous
 s - a piece from Xom's chessboard (15/15)


   Skills:
 - Level 4.0 Fighting
 - Level 2.6 Short Blades
 - Level 6.0 Polearms
 - Level 5.0 Throwing
 - Level 4.0 Armour
 - Level 2.6 Dodging
 - Level 2.0 Stealth
 + Level 2.9 Spellcasting
 + Level 3.5 Necromancy


You had 8 spell levels left.
You knew the following spells:

 Your Spells              Type           Power      Damage    Failure   Level
a - Animate Dead          Necr           7%         N/A       63%         4

Your spell library contained the following spells:

 Spells                   Type           Power      Damage    Failure   Level
 Necrotise                Necr           28%        1d5       9%          1
 Sublimation of Blood     Necr           7%         N/A       13%         2
 Vampiric Draining        Necr           7%         2d6       26%         3
 Cigotuvi's Dreadful Rot  Necr/Pois/Air  6%         N/A       32%         2
 Magic Dart               Conj           4%         1d3       36%         1
 Call Imp                 Summ           1%         N/A       50%         2
 Lesser Beckoning         Tloc           2%         N/A       50%         2
 Wereblood                Tmut           1%         N/A       50%         2
 Gell's Gravitas          Tloc           1%         N/A       73%         3
 Mephitic Cloud           Conj/Pois/Air  1%         N/A       73%         3
 Teleport Other           Tloc           1%         N/A       73%         3
 Summon Hydra             Summ           0%         N/A       100%        7


Dungeon Overview and Level Annotations

Branches:
Dungeon (7/15)             Temple (1/1) D:5           Sewer (visited)

Altars:
Ashenzari
Cheibriados
Dithmenos
Fedhas
Gozag
Hepliaklqana
Kikubaaqudgha
Makhleb
Nemelex Xobeh
Qazlal
Ru
Sif Muna
Uskayaw
Vehumet
Wu Jian
Xom
Yredelemnul

Shops:
D:7 ?


Innate Abilities, Weirdness & Mutations

You have hoof-like feet.
You have a somewhat thin skeletal structure. (Dex +2, Stealth+)
A weak demonic guardian rushes to your aid.


Message History

Press: ? - help, Dir - move target, f/p - water moccasin
Aim: a water moccasin (almost dead, entangled in a net, slow, ally target, about 14% to evade your +2 halberd of venom)
You reach to attack!
You slash the water moccasin!
You kill the water moccasin!
Kikubaaqudgha accepts your kill.
You feel sick.
A puff of flame appears from out of thin air!
The puff of flame hits your white imp!
Your white imp is burned terribly!
Your white imp dies!
Your white imp disappears in a puff of smoke!
Your life force feels restored.
Reach: w) +2 halberd (venom)
Press: ? - help, Dir - move target, f - wight
Aim: a wight, wielding a +0 halberd and wearing a +0 robe (about 38% to evade your +2 halberd of venom)
You reach to attack!
You puncture the wight!
The wight is severely damaged.
You feel sick. The wight barely misses you.
Reach: w) +2 halberd (venom)
Press: ? - help, Dir - move target, f/p - wight
Aim: a wight, wielding a +0 halberd and wearing a +0 robe (severely damaged, about 38% to evade your +2 halberd of venom)
You reach to attack!
You barely miss the wight.
The wight is severely damaged.
You feel sick.
The wight hits you from afar with a +0 halberd!
* * * LOW HITPOINT WARNING * * *
You feel drained.
* * * LOW HITPOINT WARNING * * *
Reach: w) +2 halberd (venom)
Press: ? - help, Dir - move target, f - wight, p - wight
Aim: a wight, wielding a +2 war axe and wearing a +0 robe (about 38% to evade your +2 halberd of venom)
You reach to attack!
You completely miss the wight.
You feel sick.
You are no longer poisoned.
The wight attacks as you move away! The wight hits you with a +2 war axe!
* * * LOW HITPOINT WARNING * * *
You feel drained.
* * * LOW HITPOINT WARNING * * *
The wight attacks as you move away! The wight hits you with a +2 war axe!
You die...
Kikubaaqudgha rasps: "You have failed me!
Welcome... death!"

##.....#.....
##.............##
#####........<......#
#..##...............#
#..##...............#
..>.#...............#
#.#.................#
#...................#
#####...........@..#
##..........z.#####.
#...###.#...##....
#....##.###z#(.#
...#..##.###....#
#.####..#.#....#..#
#. #..#.#.#### ...#
#...#.# ### #>.z#)##


You could see 2 wights.

Vanquished Creatures
  3 water moccasins
  2 ice beasts (D:6)
  A gnoll sergeant (D:7)
  2 scorpions
  4 wights
  5 killer bees (D:6)
  2 hounds
  A jelly (D:6)
  2 orc priests
  2 gnoll boudas
  An iguana (D:6)
  4 orc wizards
  A mummy (D:5)
  12 gnolls
  7 adders
  A shadow imp (D:5)
  A white imp (D:6)
  4 worms
  18 orcs
  3 ball pythons
  11 bats
  6 endoplasms
  4 giant cockroaches
  8 goblins
  7 hobgoblins
  11 jackals
  8 kobolds
  9 quokkas
  4 frilled lizards
  4 rats
148 creatures vanquished.

Vanquished Creatures (collateral kills)
  A black bear (D:6)
  Jessica (D:2)
2 creatures vanquished.

Grand Total: 150 creatures vanquished

Notes
Turn   | Place    | Note
-------+----------+-------------------------------------------
     0 | D:1      | Newt the Demonspawn Gladiator began the quest for the Orb.
     0 | D:1      | Reached XP level 1. HP: 16/16 MP: 1/1
   223 | D:1      | Reached skill level 1 in Stealth
   280 | D:1      | Gained mutation: You have large cloven feet. [demonic
                  | ancestry]
   280 | D:1      | Reached XP level 2. HP: 13/22 MP: 2/2
  1336 | D:2      | Gained mutation: A weak demonic guardian rushes to your
                  | aid. [demonic ancestry]
  1336 | D:2      | Reached XP level 3. HP: 18/28 MP: 3/3
  1864 | D:2      | Noticed Jessica
  1871 | D:2      | Killed Jessica
  1872 | D:2      | Reached XP level 4. HP: 23/37 MP: 4/4
  2353 | D:3      | Reached skill level 1 in Armour
  2401 | D:3      | Found a broken altar of Ashenzari.
  2502 | D:3      | Found a glowing drain.
  2520 | Sewer    | Entered a sewer
  2605 | Sewer    | Noticed a water moccasin
  2621 | Sewer    | Killed a water moccasin
  2622 | Sewer    | Gained mutation: You have a somewhat thin skeletal
                  | structure. (Dex +2, Stealth+) [demonic ancestry]
  2622 | Sewer    | Reached XP level 5. HP: 20/42 MP: 5/5
  2897 | D:3      | Found an ornate altar of the Wu Jian Council.
  2981 | D:3      | Found a stormy altar of Qazlal.
  3010 | D:3      | Reached XP level 6. HP: 47/48 MP: 6/6
  3570 | D:4      | Found a large runed translucent door.
  3571 | D:4      | Found a large runed translucent door.
  3574 | D:4      | Found a shimmering altar of Xom.
  4086 | D:5      | Entered Level 5 of the Dungeon
  4437 | D:5      | Found a shimmering altar of Xom.
  4524 | D:5      | Found a snail-covered altar of Cheibriados.
  4782 | D:5      | Found a radiant altar of Vehumet.
  4820 | D:4      | Reached XP level 7. HP: 24/54 MP: 7/7
  5400 | D:5      | Found a staircase to the Ecumenical Temple.
  5494 | Temple   | Entered the Ecumenical Temple
  5703 | Temple   | Became a worshipper of Kikubaaqudgha
  5910 | D:6      | Reached skill level 5 in Throwing
  6001 | D:5      | Reached skill level 1 in Polearms
  6199 | D:6      | Reached skill level 2 in Polearms
  6389 | D:6      | Reached skill level 3 in Polearms
  6408 | D:6      | Gained mutation: You have hoof-like feet. [demonic
                  | ancestry]
  6408 | D:6      | Reached XP level 8. HP: 9/60 MP: 8/8
  6695 | D:6      | Reached skill level 4 in Polearms
  6751 | D:6      | Reached skill level 5 in Polearms
  7010 | D:6      | Reached skill level 6 in Polearms
  7094 | D:6      | Reached skill level 1 in Necromancy
  7308 | D:6      | Reached skill level 1 in Spellcasting
  7330 | D:6      | Reached * piety under Kikubaaqudgha
  7330 | D:6      | Received a gift from Kikubaaqudgha
  7607 | D:7      | Found Cadiyreu's Magic Scroll Shop.
  7612 | D:7      | Bought a scroll of identify for 20 gold pieces
  7612 | D:7      | Bought a scroll of noise for 10 gold pieces
  7846 | D:6      | Learned a level 4 spell: Animate Dead
  8274 | D:7      | Slain by a wight

Illustrated notes

Levels and vault maps discovered:
D:1:      minmay_arrival_nine_rooms, layout_loops_corners
D:2:      layout_basic, uniq_jessica
D:3:      layout_loops_ring, mainiacjoe_overflow_catwalk,
          overflow_temple_1_default, mainiacjoe_overflow_six_doors_small,
          gup_sewer_entry_pipe
D:4:      due_chaos_kobolds, layout_gridville, grunt_decor_fettered
D:5:      layout_rooms, nicolae_vehumet_altar_sigil, chei_slow_surprise,
          xom_butterflies, temple_green
D:6:      layout_cave_pools, st_stairs_7
D:7:      layout_rooms, elyvilon_altar_4, serial_shops, nicolae_square_shop,
          uniq_prince_ribbit1
Temple:   nicolae_temple_bog_church

Skill      XL: |  1  2  3  4  5  6  7  8 |
---------------+-------------------------+-----
Stealth        | 1 2 |  2.0
Fighting       | 3 4 |  4.0
Armour         | 3 4 |  4.0
Throwing       | 4 5 |  5.0
Polearms       | 3 6 |  6.0
Necromancy     | 3 |  3.5
Spellcasting   | 2 |  2.9
Short Blades   | |  2.6
Dodging        | |  2.6

Action                     |  1- 3 |  4- 6 |  7- 9 || total
---------------------------+-------+-------+-------++-------
  Melee: Rapier            |   112 |   167 |       ||   279
         Kick              |    18 |    49 |    25 ||    92
         Punch             |       |     4 |       ||     4
         Halberd           |       |    48 |   157 ||   205
  Throw: Throwing net      |     1 |     3 |     2 ||     6
         Dart              |       |     4 |     1 ||     5
         Javelin           |       |     1 |     2 ||     3
    Use: Scroll            |     3 |    11 |     4 ||    18
         Potion            |     1 |     3 |     3 ||     7
   Stab: Sleeping          |       |    10 |     3 ||    13
         Held in net/web   |       |     1 |     1 ||     2
 Armour: Leather armour    |    20 |    89 |    44 ||   153
         Skin              |       |    11 |       ||    11
  Dodge: Dodged            |    78 |   157 |   126 ||   361

Table legend: (Time is in decaauts)
 A = Elapsed time spent in this place.
 B = Non-inter-level travel time spent in this place.
 C = Inter-level travel time spent in this place.
 D = Time resting spent in this place.
 E = Time spent auto-exploring this place.
 F = Levels seen in this place.
 G = Mean time per level.
                   A        B        C        D        E       F      G
               +--------+--------+--------+--------+--------+-----+--------+
         Total |   8407 |   8044 |    363 |   2789 |   3929 |   9 |  934.1 |
       Dungeon |   7968 |   7629 |    339 |   2789 |   3579 |   7 | 1138.3 |
        Temple |    224 |    201 |     23 |      0 |    191 |   1 |  224.0 |
         Sewer |    213 |    213 |      0 |      0 |    159 |   1 |  213.0 |
               +--------+--------+--------+--------+--------+-----+--------+

Top non-repeatable levels by time:
     D:6: 1667 daAuts
     D:5: 1626 daAuts
     D:2: 1272 daAuts
     D:4: 1236 daAuts
     D:1: 1047 daAuts
     D:3: 837 daAuts
     D:7: 280 daAuts
  Temple: 224 daAuts
   Sewer: 213 daAuts
